AoeStats
← EdgarCarrito

Fortress

508765269Analyzed
4v4 RM · 8d ago on Sep 24, 2026· 126m 10s· 8 players
Game mode
Random Map
Map size
Huge
Population
200
Speed
Normal
Resources
Standard
Victory
Conquest
Starting age
Dark Age
Ending age
Imperial Age
RankedLock teamsTeams togetherTeam positionsShared explorationLock speedFull tech treeHidden civsTurbo modeCheats
Victory
Defeat
🇺🇸 Saxons · United States
715
+15
🇺🇸 Italians · United States
669
+17
🇺🇸 Varangians · United States
628
+18
🇺🇸 Burgundians · United States
628
+18
🇿🇦 Japanese · South Africa
739
-20
🇯🇵 Saxons · Japan
718
-18
🇨🇱 Romans · Chile
650
-16
🇨🇴 Persians · Colombia
621
-14
Pugilist7307
9:03 Feudal Age
8:12 Double-Bit Axe
12:09 Gold Mining
13:49 Bow Saw
17:04 Castle Age
15:40 Man-at-Arms
17:24 Fletching
17:37 Cavalier
18:05 Long Swordsman
19:52 Scale Barding Armor
20:28 Husbandry
24:03 Wheelbarrow
24:12 Light Cavalry
30:08 Imperial Age
28:43 Forging
29:55 Burgundian Vineyards
31:51 Caravan
34:03 Chemistry
34:19 Two-Handed Swordsman
35:59 Champion
38:16 Conscription
41:51 Pikeman
42:44 Murder Holes
43:10 Bodkin Arrow
43:16 Padded Archer Armor
43:52 Iron Casting
43:18 Scale Mail Armor
43:40 Chain Barding Armor
43:08 Halberdier
44:50 Guilds
48:26 Horse Collar
53:47 Two-Man Saw
75:01 Paladin
76:24 Plate Barding Armor
76:50 Blast Furnace
76:09 Chain Mail Armor
91:35 Leather Archer Armor
103:52 Elite Coustillier
zafishroc
7:47 Feudal Age
8:37 Double-Bit Axe
12:43 Castle Age
11:37 Horse Collar
16:16 Bow Saw
19:22 Heavy Plow
20:38 Wheelbarrow
21:32 Silk Road
21:58 Hand Cart
23:15 Caravan
26:40 Gold Mining
26:42 Stone Mining
30:49 Imperial Age
31:00 Forging
30:50 Scale Mail Armor
31:43 Squires
31:28 Arson
32:25 Iron Casting
33:40 Two-Man Saw
34:06 Guilds
35:10 Crop Rotation
36:41 Blast Furnace
35:56 Chain Mail Armor
37:01 Chemistry
36:22 Ballistics
36:13 Fortified Wall
36:29 Conscription
35:30 Elite Genoese Crossbowman
38:29 Stone Shaft Mining
38:05 Pirotechnia
39:54 Plate Mail Armor
39:14 Treadmill Crane
39:33 Murder Holes
39:49 Masonry
51:31 Coinage
52:53 Banking
58:38 Pikeman
88:51 Fletching
105:53 Bodkin Arrow
106:39 Bracer
106:39 Padded Archer Armor
WavyRackz
5:10 Loom
12:50 Feudal Age
14:13 Wheelbarrow
15:52 Forging
15:42 Scale Mail Armor
18:04 Castle Age
16:29 Gold Mining
18:32 Double-Bit Axe
20:02 Fletching
20:27 Horse Collar
21:05 Hand Cart
23:45 Iron Casting
25:49 Imperial Age
23:38 Bow Saw
25:50 Gold Shaft Mining
25:41 Chain Mail Armor
27:37 Two-Man Saw
26:32 Stone Mining
27:00 Bodkin Arrow
27:59 Caravan
28:26 Elite Hearth Troop
29:56 Plate Mail Armor
31:08 Ballistics
31:16 Heavy Plow
32:13 Shield Wall
34:00 Redemption
34:19 Conscription
34:29 Sanctity
34:12 Devotion
34:13 Atonement
35:05 Crop Rotation
36:24 Bracer
38:08 Theocracy
37:55 Block Printing
38:09 Illumination
38:08 Faith
37:39 Clerical Recruitment
38:52 Padded Archer Armor
41:26 Chemistry
51:25 Fortified Wall
54:18 Arson
54:34 Squires
54:20 Gambesons
88:09 Pikeman
88:37 Halberdier
95:00 Man-at-Arms
98:36 Herbal Medicine
99:01 Heresy
98:49 Scale Barding Armor
99:00 Leather Archer Armor
99:30 Hoardings
98:28 Sappers
98:59 Long Swordsman
100:16 Two-Handed Swordsman
101:28 Champion
114:04 Town Watch
116:49 Town Patrol
PapaSnackz
8:48 Feudal Age
9:21 Loom
10:55 Wheelbarrow
10:04 Horse Collar
10:52 Stone Mining
10:50 Double-Bit Axe
15:14 Gold Mining
21:30 Castle Age
20:10 Forging
20:05 Scale Barding Armor
22:25 Hand Cart
22:22 Heavy Plow
23:00 Iron Casting
22:45 Chain Barding Armor
25:08 Caravan
25:58 Stone Shaft Mining
27:06 Bow Saw
28:28 Fortified Wall
27:59 Treadmill Crane
31:15 Bloodlines
31:05 Husbandry
37:32 Imperial Age
35:45 Vendel Legacy
37:33 Elite Jarl
38:35 Conscription
39:18 Blast Furnace
38:54 Plate Barding Armor
37:41 Cavalier
38:30 Siege Engineers
39:26 Chemistry
38:55 Town Watch
40:33 Town Patrol
47:29 Coinage
78:29 Siege Engineers
77:50 Capped Ram
79:10 Siege Ram
85:33 Crop Rotation
86:08 Two-Man Saw
85:09 Heavy Mounted Crossbowman
85:11 Cranequins
85:49 Fletching
85:59 Padded Archer Armor
86:14 Masonry
98:36 Bodkin Arrow
98:56 Leather Archer Armor
100:47 Bracer
101:17 Ring Archer Armor
101:22 Architecture
101:14 Ballistics
Scoogooby
8:57 Feudal Age
10:06 Loom
10:51 Double-Bit Axe
13:23 Castle Age
12:17 Horse Collar
12:35 Gold Mining
12:36 Stone Mining
16:01 Bow Saw
17:46 Fletching
20:58 Squires
25:04 Pikeman
26:41 Heavy Plow
27:37 Wheelbarrow
27:48 Scale Mail Armor
31:28 Imperial Age
30:13 Ballistics
29:34 Treadmill Crane
30:05 Masonry
29:55 Bodkin Arrow
30:25 Chain Mail Armor
30:23 Forging
30:26 Elite Skirmisher
31:14 Padded Archer Armor
32:31 Husbandry
32:41 Bloodlines
31:54 Light Cavalry
32:49 Scale Barding Armor
33:20 Iron Casting
33:19 Plate Mail Armor
33:54 Halberdier
34:43 Crossbowman
36:04 Bracer
36:20 Leather Archer Armor
37:23 Two-Man Saw
37:43 Chain Barding Armor
37:05 Hussar
38:05 Shield Wall
39:02 Elite Hearth Troop
41:30 Siege Engineers
41:57 Architecture
41:58 Murder Holes
44:02 Chemistry
42:43 Cavalier
45:43 Arbalester
50:19 Thumb Ring
EdgarCarrito
9:40 Feudal Age
15:02 Castle Age
17:10 Fervor
30:10 Imperial Age
29:16 Wheelbarrow
28:58 Double-Bit Axe
30:02 Hand Cart
29:43 Horse Collar
30:15 Bow Saw
30:23 Kamandaran
30:48 Heavy Plow
31:56 Two-Man Saw
30:51 Gold Mining
33:04 Crop Rotation
32:32 Elite War Elephant
34:20 Conscription
34:30 Scale Barding Armor
34:36 Forging
35:51 Gold Shaft Mining
36:31 Chain Barding Armor
36:47 Iron Casting
37:47 Plate Barding Armor
40:12 Blast Furnace
39:22 Husbandry
39:36 Bloodlines
40:12 Padded Archer Armor
40:02 Fletching
39:42 Crossbowman
40:27 Thumb Ring
43:02 Bodkin Arrow
43:22 Leather Archer Armor
45:22 Chemistry
44:43 Ballistics
44:19 Murder Holes
46:50 Ring Archer Armor
71:10 Devotion
76:08 Faith
108:19 Light Cavalry
109:57 Hussar
lothal
0:31 Loom
8:49 Feudal Age
11:04 Double-Bit Axe
16:40 Castle Age
15:05 Town Watch
16:10 Horse Collar
21:15 Man-at-Arms
22:51 Bow Saw
27:07 Heavy Plow
27:16 Squires
26:37 Pikeman
28:13 Scale Mail Armor
29:03 Caravan
28:42 Long Swordsman
30:37 Wheelbarrow
32:01 Chain Mail Armor
32:03 Gold Mining
35:38 Imperial Age
34:13 Ballistics
35:05 Gold Shaft Mining
36:33 Fortified Wall
35:47 Legionary
36:55 Conscription
40:58 Crop Rotation
40:44 Capped Ram
42:05 Siege Ram
44:55 Comitatenses
45:02 Halberdier
46:24 Hand Cart
47:06 Masonry
47:58 Chemistry
47:29 Heavy Scorpion
51:36 Forging
51:39 Ballistas
59:31 Bloodlines
58:43 Light Cavalry
59:23 Husbandry
61:27 Siege Engineers
61:52 Architecture
61:28 Town Patrol
64:01 Iron Casting
63:32 Scale Barding Armor
77:10 Blast Furnace
79:55 Chain Barding Armor
84:33 Plate Barding Armor
102:06 Elite Centurion
sheldongriffinjohnson
6:17 Feudal Age
8:40 Double-Bit Axe
14:50 Castle Age
18:29 Horse Collar
19:48 Wheelbarrow
19:08 Gold Mining
19:58 Loom
27:31 Gold Shaft Mining
27:10 Fortified Wall
32:12 Imperial Age
32:08 Forging
31:58 Scale Mail Armor
33:00 Hand Cart
32:15 Elite Samurai
33:27 Conscription
33:08 Capped Ram
35:01 Iron Casting
34:42 Chain Mail Armor
36:51 Chain Mail Armor
46:52 Blast Furnace
46:23 Plate Mail Armor
47:27 Caravan
62:47 Pikeman
64:33 Halberdier
66:35 Squires
114:12 Onager
Connection lost

Rejoining the realm…

Still unreachable

The connection could not be restored.

Session expired

The server has moved on; the page needs a fresh start.